[Event "Late-Titled-Tuesday-Blitz-February-20-2024"]
[Site "Chess.com"]
[Date "2024.02.20"]
[Round "3"]
[White "jsdbv18"]
[Black "MeisterJabo"]
[Result "0-1"]
[WhiteElo "2617"]
[BlackElo "2428"]
[TimeControl "180+1"]
[EndTime "14:26:23 PST"]
[Termination "MeisterJabo won by resignation"]

1. d4 Nf6 2. c4 e6 3. Nf3 d5 4. Nc3 Be7 5. e3 O-O 6. Qc2 b6 7. cxd5 Nxd5 8. Bc4 Bb7 9. Nxd5 exd5 10. Bd3 h6 11. O-O c5 12. dxc5 bxc5 13. Rd1 Nc6 14. Qe2 Bd6 15. Ba6 Rb8 16. Bxb7 Rxb7 17. b3 d4 18.
exd4 cxd4 19. Bb2 Re8 20. Qc4 Ne5 21. Nxe5 Bxe5 22. Bxd4 Bxd4 23. Rxd4 Rd7 24. Rxd7 Qxd7 25. g3 Qd2 26. Qc1 Qd4 27. Qd1 Qb2 28. Qc1 Qd4 29. Qf1 Qb2 30. a4 Qxb3 31. a5 Qb4 32. a6 Rb8 33. Qd3 Qb5 34. Qd7 Qxd7 0-1

[Event "Late-Titled-Tuesday-Blitz-February-20-2024"]
[Site "Chess.com"]
[Date "2024.02.20"]
[Round "3"]
[White "mirciulica14"]
[Black "The_Straightforward_Rook"]
[Result "0-1"]
[WhiteElo "2640"]
[BlackElo "2460"]
[TimeControl "180+1"]
[EndTime "14:26:23 PST"]
[Termination "The_Straightforward_Rook won by checkmate"]

1. Nf3 d5 2. b3 Nf6 3. Bb2 c6 4.
e3 Bg4 5. Be2 Nbd7 6. d4 e6 7.
Nbd2 Bd6 8. h3 Bh5 9. Ne5 Bxe2 10. Qxe2 Qe7 11. O-O O-O 12. f4 c5 13. f5 Rae8 14. c4 exf5 15. Rxf5 cxd4 16. exd4 Nxe5 17. dxe5 Nd7 18.
Re1 Bxe5 19. Bxe5 f6 20. Nf3 fxe5 21. Rxf8+ Rxf8 22. cxd5 Qc5+ 23. Kh2 Qxd5 24. Rd1 Qe6 25. Qe4 Nf6 26. Qxb7 e4 27. Nd4 Qe5+ 28. Kg1 Rd8 29. Qxa7 e3 30. Kf1 e2+ 31. Nxe2 Rxd1+ 32. Kf2 Qf5+ 33.
Ke3 Rd3# 0-1

[Event "Late-Titled-Tuesday-Blitz-February-20-2024"]
[Site "Chess.com"]
[Date "2024.02.20"]
[Round "3"]
[White "Eesha-Karavade"]
[Black "Jahonas"]
[Result "1-0"]
[WhiteElo "2412"]
[BlackElo "2338"]
[TimeControl "180+1"]
[EndTime "14:26:24 PST"]
[Termination "Eesha-Karavade won by resignation"]

1. Nf3 d5 2. d4 Nf6 3. c4 c6 4. e3 Bg4 5. Nc3 e6 6. h3 Bxf3 7. Qxf3 Nbd7 8. Qd1 Bd6 9. Be2 O-O 10. O-O dxc4 11.
Bxc4 e5 12. Bb3 Nb6 13. Qf3 Qe7 14. Bc2 Rad8 15. Rd1 Nbd5 16. Nxd5 cxd5 17. dxe5 Qxe5 18. Rb1 Qh2+ 19. Kf1 Be5 20. Bd2 Rc8 21. Bd3 Rfd8 22.
Ke2 Bb8 23. Bc3 Rxc3 24. bxc3 b6 25. c4 Qe5 26. g3 g6 27. Kf1 Kg7 28. Kg2 h5 29. h4 Qe6 30. cxd5 Nxd5 31. Bc4 Nxe3+ 32. Qxe3 1-0

[Event "Late-Titled-Tuesday-Blitz-February-20-2024"]
[Site "Chess.com"]
[Date "2024.02.20"]
[Round "3"]
[White "Thjop"]
[Black "SharathRk6"]
[Result "1/2-1/2"]
[WhiteElo "2596"]
[BlackElo "2402"]
[TimeControl "180+1"]
[EndTime "14:26:25 PST"]
[Termination "Game drawn by repetition"]

1. e4 e5 2. Nf3 Nc6 3. Bb5 a6 4. Bxc6 dxc6 5. O-O f6 6. d4 exd4 7. Nxd4 c5 8. Nb3 Qxd1 9. Rxd1 Bd6 10. Na5 b5 11. Be3 Ne7 12. a4 f5 13. e5 Bxe5 14.
Bxc5 Bxb2 15. Re1 Bxa1 16. Rxe7+ Kf8 17. Rxc7+ Kg8 18. Nc6 h6 19. c3 Kh7 20. Bd4 Rg8 21.
Ne7 Re8 22. h4 Be6 23. axb5 axb5 24. Nxf5 Bxf5 25. Rxg7+ Kh8 26. Rg6+ Kh7 27. Rg7+ Kh8 28. Rg6+ Kh7 29. Rg7+ 1/2-1/2

[Event "Late-Titled-Tuesday-Blitz-February-20-2024"]
[Site "Chess.com"]
[Date "2024.02.20"]
[Round "3"]
[White "PawnEatingZombie"]
[Black "jactorres"]
[Result "0-1"]
[WhiteElo "2201"]
[BlackElo "2444"]
[TimeControl "180+1"]
[EndTime "14:26:25 PST"]
[Termination "jactorres won by resignation"]

1. e4 e5 2. Nf3 Nc6 3. Nc3 Nf6 4. Bb5 d6 5. h3 Bd7 6. d3 a6 7.
Ba4 b5 8. Bb3 Na5 9. O-O Be7 10.
Re1 O-O 11. d4 exd4 12. Nxd4 c5 13. Nf5 c4 14. Nxe7+ Qxe7 15. Bg5 cxb3 16. Nd5 Qe6 17. Bxf6 gxf6 18. axb3 Nc6 19. Nc7 Qe5 20. Nxa8 Rxa8 21. c3 Kh8 22. b4 Rg8 23. Kh1 Ne7 24. Qf3 Ng6 25. Rad1 Nh4 0-1

[Event "Late-Titled-Tuesday-Blitz-February-20-2024"]
[Site "Chess.com"]
[Date "2024.02.20"]
[Round "3"]
[White "martinmena"]
[Black "cthake"]
[Result "1/2-1/2"]
[WhiteElo "2180"]
[BlackElo "1788"]
[TimeControl "180+1"]
[EndTime "14:26:31 PST"]
[Termination "Game drawn by repetition"]

1. c4 e5 2. g3 Nc6 3. Bg2 g6 4. Nc3 Bg7 5. e3 d6 6. Nge2 Nge7 7. O-O O-O 8. b3 Be6 9. h3 f5 10. f4 e4 11. d4 d5 12. c5 Nb4 13. Ba3 Nd3 14. Nc1 Nxc1 15. Qxc1 c6 16. b4 a6 17. Qc2 Nc8 18. Rfb1 Qd7 19. Bc1 Qf7 20. a4 Bd7 21. Bf1 Ne7 22. b5 axb5 23. axb5 Rxa1 24. Rxa1 h6 25.
bxc6 Bxc6 26. Bb5 Rb8 27. Ra7 Qe6 28. Bxc6 Nxc6 29. Ra2 Nxd4 30. exd4 Bxd4+ 31. Kg2 Bxc5 32. Ne2 Rc8 33. Qd1 d4 34. Ra5 d3 35. Nc3 Qb6 36. Rxc5 Qxc5 37. Qb3+ Qc4 38. Qxb7 Qxc3 39. Qd7 Qxc1 40.
Qe6+ Kg7 41. Qe7+ Kg8 42. Qe6+ Kg7 43. Qe7+ Kg8 44. Qe6+ 1/2-1/2

[Event "Late-Titled-Tuesday-Blitz-February-20-2024"]
[Site "Chess.com"]
[Date "2024.02.20"]
[Round "3"]
[White "Zkid"]
[Black "rhungaski"]
[Result "1-0"]
[WhiteElo "2916"]
[BlackElo "2604"]
[TimeControl "180+1"]
[EndTime "14:26:32 PST"]
[Termination "Zkid won on time"]

1. e4 g6 2. d4 Bg7 3. Nc3 d6 4. Be3 a6 5. Qd2 b5 6. h4 h6 7. O-O-O Bb7 8. f3 Nd7 9. Nh3 Rc8 10. Kb1 c5 11. dxc5 Nxc5 12. Bd4 Bxd4 13. Qxd4 Nf6 14. g4 Qc7 15. g5 Ne6 16. Qd2 hxg5 17.
hxg5 Nh5 18. Nd5 Bxd5 19. exd5 Neg7 20. Bd3 Qb6 21. Nf4 Kd7 22. Rde1 Rce8 23. Ne2 e5 24. dxe6+ Nxe6 25. f4 Nc5 26. f5 Nxd3 27. Qxd3 Rhg8 28. Qd5 Rgf8 29. Nc3 Nf4 30. Qf3 Qd4 31. Qb7+ Kd8 32. Rd1 Qc5 33. Ne4 Rxe4 34. Qxe4 Qxf5 35. Rxd6+ 1-0

[Event "Late-Titled-Tuesday-Blitz-February-20-2024"]
[Site "Chess.com"]
[Date "2024.02.20"]
[Round "3"]
[White "Hikaru"]
[Black "MightyGMpretender"]
[Result "1-0"]
[WhiteElo "3248"]
[BlackElo "2828"]
[TimeControl "180+1"]
[EndTime "14:26:33 PST"]
[Termination "Hikaru won by resignation"]

1. h3 a6 2. d4 g6 3. e4 Bg7 4. Bc4 b5 5. Bb3 Bb7 6. Nf3 e6 7. Qe2 Nf6 8. e5 Ne4 9. a4 b4 10. Nbd2 Nxd2 11. Bxd2 a5 12. d5 Bxd5 13. Bxd5 exd5 14.
Bg5 Qc8 15. O-O-O O-O 16. Rxd5 d6 17. exd6 cxd6 18. Rxd6 Nd7 19. Qb5 Ra7 20. Rc6 Rc7 21. Rxc7 Qxc7 22. Kb1 Rc8 23. Rc1 Nc5 24. Be3 Ne4 25.
Qd3 Qc6 26. Nd4 Qe8 27. Nb3 Rd8 28. Qb5 Qxb5 29. axb5 a4 30. Nc5 Nd6 31. Rd1 a3 32. bxa3 bxa3 33. Ka2 h5 34. Bf4 Bf8 35. Bxd6 Bxd6 36.
Nb7 Rc8 37. Nxd6 Rxc2+ 38. Kxa3 1-0

[Event "Late-Titled-Tuesday-Blitz-February-20-2024"]
[Site "Chess.com"]
[Date "2024.02.20"]
[Round "3"]
[White "TheMagician"]
[Black "Tunahan_Makaraci"]
[Result "0-1"]
[WhiteElo "2205"]
[BlackElo "2522"]
[TimeControl "180+1"]
[EndTime "14:26:33 PST"]
[Termination "Tunahan_Makaraci won on time"]

1. d4 d5 2. c4 e6 3. Nc3 c5 4.
cxd5 cxd4 5. Qxd4 Nc6 6. Qd1 exd5 7. Qxd5 Bd6 8. e4 Nf6 9. Qd1 O-O 10. Nf3 Bg4 11. Be2 Qe7 12. Bg5 Rad8 13. h3 Bxf3 14. Bxf3 Bf4 15. Bxf4 Rxd1+ 16. Rxd1 Ne5 17. Be2 Re8 18.
O-O Ng6 19. Bg5 Qe5 20. Bxf6 Qxf6 21. Bb5 Rb8 22. Rfe1 Qg5 23. Rd5 Qe7 24. Rd2 Nf4 25. Nd5 Nxh3+ 26. Kf1 Qc5 0-1

[Event "Late-Titled-Tuesday-Blitz-February-20-2024"]
[Site "Chess.com"]
[Date "2024.02.20"]
[Round "3"]
[White "MrKGG1"]
[Black "Nick12772"]
[Result "1-0"]
[WhiteElo "2591"]
[BlackElo "2387"]
[TimeControl "180+1"]
[EndTime "14:26:34 PST"]
[Termination "MrKGG1 won by checkmate"]

1. e4 e6 2. d4 d5 3. Nc3 Bb4 4. e5 c5 5. a3 Bxc3+ 6. bxc3 Ne7 7. h4 Qa5 8. Bd2 Nbc6 9. Qg4 Kf8 10. Nf3 Qa4 11.
h5 h6 12. Kd1 b6 13. Rh4 Nf5 14. dxc5 Qa5 15. Rh1 Qxc5 16. Ke1 Bd7 17. Bd3 Nce7 18. Qb4 Rc8 19. g4 Qc7 20. gxf5 exf5 21. Rg1 Be6 22.
Qd6 Qb7 23. Nd4 Bd7 24. Bxf5 Rd8 25. e6 Kg8 26. exf7+ Kxf7 27. Bg6+ Nxg6 28. Qxg6+ Ke7 29. Qxg7+ Kd6 30. Bf4+ Kc5 31. Qe7+ Kc4 32. Qb4# 1-0

[Event "Late-Titled-Tuesday-Blitz-February-20-2024"]
[Site "Chess.com"]
[Date "2024.02.20"]
[Round "3"]
[White "adwilhans"]
[Black "zverr1"]
[Result "0-1"]
[WhiteElo "2329"]
[BlackElo "2545"]
[TimeControl "180+1"]
[EndTime "14:26:34 PST"]
[Termination "zverr1 won by resignation"]

1. e4 c5 2. Nf3 Nc6 3. d4 cxd4 4.
Nxd4 g6 5. Nc3 Bg7 6. Be3 Nf6 7. Bc4 Qa5 8. O-O O-O 9. Bb3 d6 10. h3 Bd7 11. Nde2 a6 12. g4 b5 13. Ng3 Be6 14.
Nd5 Bxd5 15. exd5 Ne5 16. a4 Qc7 17. axb5 axb5 18. Qe2 Nc4 19. Bxc4 Qxc4 20. Qxc4 bxc4 21. Rad1 Ra5 22. b3 cxb3 23. cxb3 Nxd5 24. Bd2 Rb5 25.
Rb1 Rfb8 26. b4 Nxb4 27. Bxb4 Rxb4 28. Rbc1 Be5 29. Ne2 Rb2 30. Rfe1 h6 31. Rc7 R2b7 32. Rc2 Rb1 33. Rxb1 Rxb1+ 34. Kg2 e6 35. Ng1 Rb2 36. Rc8+ Kg7 37. Nf3 Bf4 38. Kf1 d5 39. Nd4 Kf6 40. Rf8 Bd6 41. Rd8 Bc5 0-1

[Event "Late-Titled-Tuesday-Blitz-February-20-2024"]
[Site "Chess.com"]
[Date "2024.02.20"]
[Round "3"]
[White "ChessSkool"]
[Black "dropstoneDP"]
[Result "1/2-1/2"]
[WhiteElo "2744"]
[BlackElo "3011"]
[TimeControl "180+1"]
[EndTime "14:26:38 PST"]
[Termination "Game drawn by repetition"]

1. d4 d5 2. Nf3 Nf6 3. c3 c5 4.
dxc5 e6 5. Be3 a5 6. c4 Na6 7. cxd5 Nxd5 8. Bd4 Nxc5 9. e3 f6 10. Nc3 Nxc3 11. Bxc3 Qxd1+ 12. Rxd1 Bd7 13. Nd4 Na4 14. Bb5 Bxb5 15. Nxb5 Nxc3 16. Nxc3 Bb4 17. Ke2 Bxc3 18. bxc3 b5 19. Rb1 b4 20. Rhc1 O-O 21. cxb4 axb4 22. Rxb4 Rxa2+ 23. Kf3 Ra7 24. Rb6 e5 25. g4 h6 26. Kg3 Kh7 27. h4 Rff7 28. Rc8 Rfc7 29.
Re8 Re7 30. Rd8 Red7 31. Rxd7 Rxd7 32. h5 Ra7 33. Rb8 Ra4 34. Re8 Rb4 35. Kf3 Ra4 36.
Kg3 Rb4 37. f4 exf4+ 38. exf4 Rb3+ 39. Kg2 Ra3 40. Kf2 Rb3 41. Re3 Rb4 42. Kf3 Ra4 43. Re4 Ra3+ 44. Re3 Ra4 45. Re8 Ra1 46. f5 Ra4 47. Re4 Ra1 48. Ke3 Ra2 49. Kd4 Kg8 50.
Ke3 Kf7 51. Kf4 Ra7 52. Kf3 Ra3+ 53. Kf4 Ra7 54. Kf3 Ra3+ 55. Kf4 Ra7 1/2-1/2

[Event "Late-Titled-Tuesday-Blitz-February-20-2024"]
[Site "Chess.com"]
[Date "2024.02.20"]
[Round "3"]
[White "Korchmar_Vasiliy"]
[Black "bipe137"]
[Result "0-1"]
[WhiteElo "2755"]
[BlackElo "2536"]
[TimeControl "180+1"]
[EndTime "14:26:40 PST"]
[Termination "bipe137 won by resignation"]

1. e4 c5 2. d4 cxd4 3. Qxd4 Nc6 4. Qd3 Nf6 5. Nc3 e6 6. Bf4 d5 7. exd5 Nxd5 8. Nxd5 Qxd5 9. Qxd5 exd5 10. O-O-O Be6 11. Nf3 Bc5 12. Bg3 h6 13. Bb5 Rc8 14. Nd4 Bxd4 15.
Rxd4 a6 16. Bxc6+ Rxc6 17. Re1 Kd7 18. Rb4 b5 19. a4 Rc4 20. Rxc4 bxc4 21. Kd2 h5 22. h4 Kc6 23. Be5 Rg8 24. b4 g6 25.
Rb1 g5 26. b5+ axb5 27. axb5+ Kb7 28. g3 gxh4 29. gxh4 Rg4 30. b6 d4 31. Bg3 c3+ 32. Kd1 Re4 33. f3 Re3 34. Rb4 Rxf3 35. Be1 Re3 36. Bf2 Bg4+ 37. Kc1 Re2 38. Bg3 Rg2 39.
Be1 Rg1 0-1

[Event "Late-Titled-Tuesday-Blitz-February-20-2024"]
[Site "Chess.com"]
[Date "2024.02.20"]
[Round "3"]
[White "Durarbayli"]
[Black "ural58"]
[Result "1/2-1/2"]
[WhiteElo "2950"]
[BlackElo "2497"]
[TimeControl "180+1"]
[EndTime "14:26:40 PST"]
[Termination "Game drawn by repetition"]

1. e4 d5 2. exd5 Qxd5 3. Nc3 Qa5 4. Nf3 Nf6 5. h3 Bf5 6. g4 Bg6 7. a3 e5 8. b4 Bxb4 9. axb4 Qxa1 10. Nxe5 O-O 11. f4 Be4 12. Rh2 Nc6 13. g5 Nxb4 14. gxf6 Nxc2+ 15. Kf2 Bf5 16. fxg7 Rfe8 17. Bc4 Rxe5 18.
fxe5 Qa5 19. Bb3 Qc5+ 20. Kg2 Nd4 21. Bd5 c6 22. Ba2 Qxe5 23. Rh1 Be4+ 24. Nxe4 Qxe4+ 25. Kf2 Qf4+ 26. Kg2 Qe4+ 27. Kg3 Qe5+ 28. Kg2 Qe4+ 1/2-1/2

[Event "Late-Titled-Tuesday-Blitz-February-20-2024"]
[Site "Chess.com"]
[Date "2024.02.20"]
[Round "3"]
[White "Eloist"]
[Black "Alex_Sahakyan2006"]
[Result "0-1"]
[WhiteElo "2472"]
[BlackElo "2832"]
[TimeControl "180+1"]
[EndTime "14:26:40 PST"]
[Termination "Alex_Sahakyan2006 won by resignation"]

1. e4 Nc6 2. Nf3 e5 3. Bc4 Nf6 4. d3 Bc5 5. O-O Bf8 6. c3 Be7 7. Re1 O-O 8. Nbd2 d6 9. Nf1 a6 10. Bb3 Be6 11. Bxe6 fxe6 12. Ng3 Qe8 13. d4 Kh8 14. h3 Nh5 15. Nxh5 Qxh5 16. Be3 exd4 17. cxd4 e5 18. d5 Nd8 19. Rc1 Rc8 20. Nd2 Qg6 21.
Qg4 Qxg4 22. hxg4 c5 23. b4 b5 24. Nb3 Nb7 25. a3 c4 26. Nd2 Nd8 27. g3 Nf7 28.
Nb1 Ng5 29. Bxg5 Bxg5 30. Rc2 Rf3 31. Rc3 Rxc3 32. Nxc3 Bd2 0-1

[Event "Late-Titled-Tuesday-Blitz-February-20-2024"]
[Site "Chess.com"]
[Date "2024.02.20"]
[Round "3"]
[White "olawsson"]
[Black "egnfanclub"]
[Result "0-1"]
[WhiteElo "2137"]
[BlackElo "2379"]
[TimeControl "180+1"]
[EndTime "14:26:43 PST"]
[Termination "egnfanclub won on time"]

1. d4 d5 2. c4 c6 3. cxd5 cxd5 4. Nc3 Nf6 5. Nf3 Nc6 6. Bf4 Bf5 7. e3 e6 8. Ne5 Nd7 9. Qb3 Ncxe5 10. Bxe5 f6 11.
Bg3 Nb6 12. Nb5 a5 13. Nc7+ Kf7 14. Qxb6 Bb4+ 15. Kd1 Rc8 16. a3 Be7 17. Bb5 e5 18.
dxe5 fxe5 19. Bxe5 Bf6 20. Bxf6 gxf6 21. Rc1 Rg8 22.
Qxb7 Rb8 23. Qc6 d4 24. Bc4+ Kg6 25. Nd5 Re8 26. exd4 Rc8 0-1

[Event "Late-Titled-Tuesday-Blitz-February-20-2024"]
[Site "Chess.com"]
[Date "2024.02.20"]
[Round "3"]
[White "Godzillator"]
[Black "Franmu14"]
[Result "0-1"]
[WhiteElo "2318"]
[BlackElo "2683"]
[TimeControl "180+1"]
[EndTime "14:26:45 PST"]
[Termination "Franmu14 won on time"]

1. Nf3 Nf6 2. d4 e6 3. c3 d5 4. Bg5 h6 5. Bxf6 Qxf6 6. e3 c5 7. Bd3 Nc6 8. O-O Bd6 9. dxc5 Bxc5 10. Nbd2 O-O 11. e4 Bb6 12. exd5 exd5 13. Nb3 Bg4 14. Be2 Rad8 15. Nfd4 Bc8 16. Qd2 Bc7 17. g3 Ne5 18. f4 Nc4 19. Qc1 Rfe8 20. Bf3 Bb6 21. Kg2 Ne3+ 22. Kh1 Nxf1 23. Qxf1 Bf5 24. Rd1 Be4 25. a4 a6 26. a5 Ba7 27. Qg2 Rd7 28. Nd2 Rde7 29. h3 Bxd4 30. Bxe4 dxe4 31. cxd4 e3 32. Nf3 e2 33. Re1 Qd6 34. Kh2 Qb4 35. Qf2 f6 36.
d5 Re3 37. Kg2 Rxf3 38. Kxf3 Qe4+ 39. Kg4 h5+ 40. Kxh5 Qf5+ 41. Kh4 g5+ 42. Kh5 Kg7 0-1

[Event "Late-Titled-Tuesday-Blitz-February-20-2024"]
[Site "Chess.com"]
[Date "2024.02.20"]
[Round "3"]
[White "KuzubovYuriy"]
[Black "Jaka_Brilej"]
[Result "0-1"]
[WhiteElo "2952"]
[BlackElo "2511"]
[TimeControl "180+1"]
[EndTime "14:26:46 PST"]
[Termination "Jaka_Brilej won by checkmate"]

1. d4 e6 2. c4 d5 3. Nf3 Nf6 4. Nc3 Nbd7 5. cxd5 exd5 6. Bg5 Bb4 7. Nd2 c6 8. e3 h6 9. Bh4 O-O 10. Bd3 a5 11.
Qc2 Be7 12. O-O Re8 13. a3 Bd6 14. Nf3 g5 15. Bg3 Bxg3 16. hxg3 Ng4 17. e4 dxe4 18. Nxe4 Ndf6 19. Rfe1 Nd5 20. Rad1 Bf5 21. Nc5 Bxd3 22.
Qxd3 Qc7 23. Qf5 Ndf6 24. Ne5 Nxe5 25. dxe5 Nd5 26. Nd7 Re6 27. Rxd5 cxd5 28. Nf6+ Rxf6 29. exf6 Qc6 30. f4 Re8 31. Rxe8+ Qxe8 32. fxg5 Qe3+ 33. Kh2 Qxg5 34. Qc8+ Kh7 35. Qxb7 Qh5+ 36. Kg1 Qd1+ 37. Kf2 Qd2+ 38. Kf3 Qd3+ 39. Kg4 Qg6+ 40. Kf4 Qe4# 0-1

[Event "Late-Titled-Tuesday-Blitz-February-20-2024"]
[Site "Chess.com"]
[Date "2024.02.20"]
[Round "3"]
[White "midedu"]
[Black "Capablanca_Oujda_2021"]
[Result "0-1"]
[WhiteElo "2000"]
[BlackElo "2504"]
[TimeControl "180+1"]
[EndTime "14:26:46 PST"]
[Termination "Capablanca_Oujda_2021 won on time"]

1. e4 c5 2. Nc3 d6 3. g3 g6 4. Bg2 Bg7 5. Nge2 Nf6 6. d3 O-O 7.
h3 e6 8. O-O d5 9. exd5 exd5 10.
Bg5 d4 11. Ne4 Na6 12. Nf4 Re8 13. Nd5 Nxd5 14. Bxd8 Rxd8 15. Qd2 b6 16. c4 dxc3 17. bxc3 Rb8 18. Rac1 h6 19. f4 f5 20. Nf2 Be6 21.
Rfe1 Bf7 22. a3 Rd7 23. g4 Rbd8 24. Qb2 Nac7 25. a4 Nxf4 26. a5 b5 27. a6 Ncd5 28. Qa3 Nxg2 29. Kxg2 Nf4+ 30. Kg1 Bf8 31. Qa5 Nxd3 32. Nxd3 Rxd3 33. Qxb5 Rg3+ 34. Kh2 Rdd3 35. Re2 Bd6 0-1

[Event "Late-Titled-Tuesday-Blitz-February-20-2024"]
[Site "Chess.com"]
[Date "2024.02.20"]
[Round "3"]
[White "kalxandria"]
[Black "Zq1"]
[Result "1/2-1/2"]
[WhiteElo "2283"]
[BlackElo "2494"]
[TimeControl "180+1"]
[EndTime "14:26:46 PST"]
[Termination "Game drawn by repetition"]

1. e4 c5 2. Nf3 d6 3. d4 cxd4 4. Nxd4 Nf6 5. Nc3 Nc6 6. Bg5 g6 7. Bxf6 exf6 8. Bc4 Bg7 9. Ndb5 O-O 10. Qxd6 Qa5 11.
O-O f5 12. Nd5 a6 13. Nbc7 Be5 14. Nf6+ Bxf6 15. Nxa8 Be5 16. Qd5 Qxd5 17. Bxd5 Bxb2 18. Rab1 Be5 19. Nb6 Nd4 20. Nxc8 Rxc8 21. Rxb7 Rxc2 22. Rxf7 Kh8 23. Rb1 Ne2+ 24. Kf1 Nc3 25. Re1 Bd4 26. Re3 Bxe3 27. fxe3 fxe4 28. Bb3 Rb2 29. g4 g5 30. h4 h6 31. h5 Nxa2 32. Rf8+ Kg7 33. Rf7+ Kh8 34. Rf8+ Kg7 35. Rf7+ Kh8 1/2-1/2

[Event "Late-Titled-Tuesday-Blitz-February-20-2024"]
[Site "Chess.com"]
[Date "2024.02.20"]
[Round "3"]
[White "Agentxya"]
[Black "komogro"]
[Result "0-1"]
[WhiteElo "2254"]
[BlackElo "2503"]
[TimeControl "180+1"]
[EndTime "14:26:48 PST"]
[Termination "komogro won by resignation"]

1. e4 g6 2. d4 Bg7 3. Nc3 d6 4. Be3 a6 5. Qd2 b5 6. a3 Bb7 7. f3 e6 8. O-O-O Nd7 9. Nge2 h6 10. Kb1 Nb6 11. Nc1 Nf6 12. Bd3 Nfd7 13. Qf2 Qe7 14.
Rhe1 c5 15. N1a2 O-O 16. e5 c4 17. exd6 Qxd6 18. Be4 Nd5 19. Bxd5 Bxd5 20. Nxd5 exd5 21. Qg3 Qxg3 22. hxg3 Rfe8 23. c3 a5 24. Bf4 Re6 25. g4 Rae8 26. Bg3 Bf8 27. Rxe6 Rxe6 28. Re1 Rxe1+ 29.
Bxe1 Nb8 30. Bg3 Nc6 31. Kc2 f6 32. b3 Kf7 33. a4 b4 34. Be1 Ke6 35. f4 f5 36.
gxf5+ Kxf5 37. g3 Ke4 38. Nc1 bxc3 39. Bxc3 Nxd4+ 40. Bxd4 Kxd4 41. Ne2+ Ke3 42. Nc3 cxb3+ 43. Kxb3 d4 44. Nd5+ Kf3 45. Kc4 Kxg3 46. Kxd4 h5 47. Ke4 h4 48. Ne3 h3 49. Ke5 Bc5 50. Nf1+ Kg2 51. Nd2 h2 52. Ne4 Bb6 53. Kf6 h1=Q 54. Kxg6 Qb1 55. Kf6 0-1

[Event "Late-Titled-Tuesday-Blitz-February-20-2024"]
[Site "Chess.com"]
[Date "2024.02.20"]
[Round "3"]
[White "IMRosen"]
[Black "igorkovalenko"]
[Result "1-0"]
[WhiteElo "2695"]
[BlackElo "2958"]
[TimeControl "180+1"]
[EndTime "14:26:51 PST"]
[Termination "IMRosen won by resignation"]

1. e4 d5 2. exd5 Qxd5 3. Nc3 Qa5 4. b4 Qxb4 5. Nb5 Qa5 6. Bc4 c6 7. Bxf7+ Kxf7 8. Qh5+ g6 9. Nd6+ exd6 10. Qxa5 Bg7 11. Rb1 Ne7 12. Nf3 Re8 13. O-O Na6 14. Bb2 Bxb2 15.
Rxb2 h6 16. Re1 b6 17. Qa4 g5 18. Qc4+ d5 19. Qd3 Kg7 20. Re5 Nc5 21. Qe2 Kf6 22.
Rb1 Bd7 23. Re1 Ng6 24. Rxe8 Rxe8 25. Qd1 Ne4 26. d3 Nc3 27. Qa1 Rxe1+ 28. Qxe1 Nb5 29. Qa1+ Kf7 30. Ne5+ Nxe5 31. Qxe5 d4 32. Kf1 c5 33. Qd5+ Ke7 34. Qe5+ Kf7 35. Qh8 Kg6 36. Qg8+ Kf6 37.
Qh7 Be6 38. Qxh6+ Kf7 39. Qh7+ Kf6 40. a4 Nc3 41. Qxa7 Ke5 42. Qc7+ Kd5 43. Qxb6 Nxa4 44. Qb3+ 1-0

[Event "Late-Titled-Tuesday-Blitz-February-20-2024"]
[Site "Chess.com"]
[Date "2024.02.20"]
[Round "3"]
[White "maroro07"]
[Black "gshwbedhkhd"]
[Result "0-1"]
[WhiteElo "2407"]
[BlackElo "2612"]
[TimeControl "180+1"]
[EndTime "14:26:52 PST"]
[Termination "gshwbedhkhd won by checkmate"]

1. e4 c5 2. Nc3 e6 3. Nf3 Nc6 4.
d4 cxd4 5. Nxd4 Nf6 6. a3 a6 7. Be3 Qc7 8. Be2 Be7 9. Qd2 O-O 10. O-O-O d6 11. g4 Ne5 12. g5 Nfd7 13. h4 b5 14. h5 Nb6 15. g6 fxg6 16. hxg6 Nxg6 17. f4 Nc4 18. Bxc4 Qxc4 19. Qh2 h6 20. Rdg1 Rf6 21. f5 exf5 22. Nd5 fxe4 23. Nxf6+ Bxf6 24. Rxg6 Bxd4 25. Bxd4 Qxd4 26. Qxh6 Bf5 27. Rgg1 Rc8 28. Qd2 Qe5 29. Re1 d5 30. Rhg1 d4 31. Qg5 e3 32. Ref1 Rxc2+ 33. Kb1 Rc1+ 34. Kxc1 Qc5+ 35. Kd1 Qc2+ 36. Ke1 Qd2# 0-1

[Event "Late-Titled-Tuesday-Blitz-February-20-2024"]
[Site "Chess.com"]
[Date "2024.02.20"]
[Round "3"]
[White "Vasily85"]
[Black "KaydenTroffChess"]
[Result "0-1"]
[WhiteElo "2471"]
[BlackElo "2820"]
[TimeControl "180+1"]
[EndTime "14:26:53 PST"]
[Termination "KaydenTroffChess won on time"]

1. Nf3 Nf6 2. c4 g6 3. g3 Bg7 4. d4 c5 5. Bg2 cxd4 6. Nxd4 Nc6 7. Nc3 O-O 8. O-O Nxd4 9. Qxd4 d6 10. Qd3 Bf5 11. e4 Be6 12. b3 a6 13. Be3 Nd7 14.
Rac1 Qa5 15. Qd2 Rfc8 16. Nd5 Qxd2 17. Bxd2 Kf8 18. Bg5 Bxd5 19. exd5 b5 20. Rfe1 Bf6 21. Bh6+ Ke8 22. cxb5 axb5 23. Bf1 b4 24. Bb5 Kd8 25. Bd2 Rcb8 26. Ba4 Nc5 27. Rc4 Nxa4 28. bxa4 Rxa4 29. Rb1 Rxa2 30. Rbxb4 Rxb4 31. Bxb4 Ra4 0-1

[Event "Late-Titled-Tuesday-Blitz-February-20-2024"]
[Site "Chess.com"]
[Date "2024.02.20"]
[Round "3"]
[White "Onthequiet"]
[Black "MAGMAchess02"]
[Result "1-0"]
[WhiteElo "2443"]
[BlackElo "2239"]
[TimeControl "180+1"]
[EndTime "14:26:53 PST"]
[Termination "Onthequiet won by resignation"]

1. d4 d5 2. Nf3 Bf5 3. c4 e6 4. Nc3 c6 5. Bf4 Bd6 6. Bxd6 Qxd6 7. e3 Nf6 8. h3 h6 9. Bd3 Bxd3 10. Qxd3 O-O 11.
Ne5 Nbd7 12. f4 c5 13. cxd5 Nxd5 14. Ne4 Nxe5 15. fxe5 Qb6 16. Nxc5 Qb4+ 17. Qd2 Nxe3 18. Qxb4 Nc2+ 19. Kf2 Nxb4 20. Nxb7 Nd3+ 21. Ke3 Nxb2 22. Rhc1 Rfc8 23. Nd6 Rxc1 24. Rxc1 Rb8 25. Rc7 f6 26.
exf6 gxf6 27. Rxa7 Nd1+ 28. Kf3 Nc3 29. Kg4 Rb2 30.
g3 Rxa2 31. Re7 Re2 32. Kh5 Nd5 33. Rb7 Re3 34. Kxh6 Kf8 35. Rf7+ Kg8 36. Rg7+ Kf8 37. h4 e5 38. dxe5 Rxe5 39. Kg6 Ne7+ 40. Kxf6 Nd5+ 41. Kxe5 Kxg7 42. Kxd5 1-0

[Event "Late-Titled-Tuesday-Blitz-February-20-2024"]
[Site "Chess.com"]
[Date "2024.02.20"]
[Round "3"]
[White "jinxy2009"]
[Black "KorolDimitriy75"]
[Result "0-1"]
[WhiteElo "2189"]
[BlackElo "2418"]
[TimeControl "180+1"]
[EndTime "14:26:53 PST"]
[Termination "KorolDimitriy75 won on time"]

1. e4 c5 2. Nf3 d6 3. d4 cxd4 4. Nxd4 Nf6 5. Nc3 g6 6. Be3 Bg7 7. f3 O-O 8. Bc4 Nc6 9. Qd2 Bd7 10. O-O-O Qa5 11. Bb3 Rfc8 12. h4 Ne5 13. Bg5 Nc4 14.
Bxc4 Rxc4 15. Nb3 Qe5 16. h5 Rxc3 17. bxc3 Nxh5 18. g4 Nf6 19. Bf4 Qe6 20. Kb2 Rc8 21. e5 dxe5 22. Bg5 Bc6 23. Qh2 e4 24. Bxf6 Qxf6 25.
Qxh7+ Kf8 26. Kc1 exf3 27. g5 Qxc3 0-1

[Event "Late-Titled-Tuesday-Blitz-February-20-2024"]
[Site "Chess.com"]
[Date "2024.02.20"]
[Round "3"]
[White "sharkarton"]
[Black "jamengrand"]
[Result "1/2-1/2"]
[WhiteElo "2508"]
[BlackElo "2336"]
[TimeControl "180+1"]
[EndTime "14:26:55 PST"]
[Termination "Game drawn by repetition"]

1. Nf3 Nf6 2. b3 g6 3. Bb2 Bg7 4. e3 O-O 5. Be2 c5 6. O-O b6 7.
d4 Bb7 8. a4 a5 9. Na3 Ne4 10.
c4 Na6 11. Nd2 Nxd2 12. Qxd2 cxd4 13. exd4 d5 14. Bf3 Nb4 15. Rac1 Rc8 16. Nb5 Qd7 17. c5 bxc5 18. Rxc5 Rxc5 19. dxc5 Bxb2 20. Qxb2 Rc8 21. Qd4 Ba6 22. Rc1 Bxb5 23. axb5 Qxb5 24. Bxd5 Qd3 25. Qxd3 Nxd3 26. Rc3 Nxc5 27. Kf1 e6 28. Bf3 Kf8 29.
Ke2 Ke7 30. Ke3 Kd6 31. Bd1 Rb8 32. f4 Rb4 33. Bc2 f5 34. g3 Kd5 35. h4 h5 36.
Bd1 Re4+ 37. Kd2 Rb4 38. Ke3 Re4+ 39. Kd2 Rb4 40. Ke3 1/2-1/2